 Dungeon Crawl Stone Soup version 0.31-b1-12-gca42e3d1b8 (webtiles) character file.

Game seed: 6822596781948065916

167 hawla the Changeling (level 5, -1/25 HPs)
             Began as a Felid Shapeshifter on Jan 15, 2024.
             Incinerated by a bombardier beetle (6 damage)
             ... with a burning spray
             ... on level 3 of the Dungeon.
             The game lasted 00:04:03 (2207 turns).

hawla the Changeling (Felid Shapeshifter)           Turns: 2207, Time: 00:04:03

Health: -1/25      AC:  1    Str: 12    XL:     5   Next: 23%
Magic:  6/6        EV: 17    Int: 14    God:
Gold:   99         SH:  0    Dex: 15    Spells: 4/4 levels left
                                        Lives:  0   Deaths: 2

rFire   . .          .
                       - Unarmed
rCold   . . .        (shield unavailable)
rNeg    . . .        (body armour unavailable)
rPois   .            (helmet unavailable)
rElec   .            (cloak unavailable)
rCorr   .            (gloves unavailable)
SInv    +            (boots unavailable)
Will    .....        (no amulet)
Stlth   +            (no ring)
HPRegen 0.24/turn    (no ring)
MPRegen 0.10/turn

%: no passive effects
@: on fire, beast-form, glowing
A: beast (slay +2), very small, claws 1, fangs 3, see invisible, shaggy fur 1,
stealthy paws, no weapons or thrown items, no armour, multi-lived
a: Begin Untransformation


You were on level 3 of the Dungeon.
You were a hulking beast.
You visited 1 branch of the dungeon, and saw 3 of its levels.

You collected 99 gold pieces.

Inventory:

Jewellery
 f - a ring of protection from cold
Talismans
 b - a beast talisman
 c - a flux talisman
Scrolls
 i - 3 scrolls of fog
 k - a scroll of brand weapon {unknown}
Potions
 l - a potion of berserk rage {unknown}


   Skills:
 - Level 1.0 Fighting
 - Level 2.6 Dodging
 - Level 3.0 Unarmed Combat
 + Level 5.1 Shapeshifting


You had 4 spell levels left.
You didn't know any spells.
Your spell library was empty.

Dungeon Overview and Level Annotations

Branches:
Dungeon (3/15)

Altars:


Innate Abilities, Weirdness & Mutations

You are a hulking beast.
Your limbs bulge with bestial killing power. (Slay +2)
You have sharp claws.
You have razor-sharp teeth.
You have supernaturally acute eyesight. (SInv)
You are covered in fur. (AC +1)
Your paws help you pounce on unaware monsters.
You are incapable of wielding weapons or throwing items.
You cannot wear armour.
You gain extra lives every three experience levels.


Message History

The adder is almost dead.
The adder misses you.
You miss the adder. Your bite misses the adder.
The adder is almost dead.
The adder barely misses you.
You miss the adder.
The adder is almost dead.
The adder closely misses you. The bombardier beetle misses you.
You miss the adder.
The adder is almost dead.
The adder closely misses you. The adder bites you but does no damage.
You closely miss the adder.
The adder is almost dead.
The adder closely misses you. The bombardier beetle misses you.
You scratch the adder.
You kill the adder!
You scratch the bombardier beetle. Your bite misses the bombardier beetle.
The bombardier beetle is moderately wounded.
The bombardier beetle sprays incendiary fluid at you.
The burning spray hits you.
You are covered in liquid fire!
You scratch the bombardier beetle.
The bombardier beetle is moderately wounded.
The liquid fire burns you!
The bombardier beetle bites you but does no damage.
You claw the bombardier beetle!
The bombardier beetle is almost dead.
The liquid fire burns you!
You scratch the bombardier beetle.
You kill the bombardier beetle!
The liquid fire burns you!
* * * LOW HITPOINT WARNING * * *
Your Shapeshifting skill increases to level 5!
You have reached level 5!
Your library has no spells.
You are on fire!
You are on fire!
You shake off some of the fire as you move.
The liquid fire burns you!
You die...

*******,* **,,,** *,*
##.....##
*******,**#.......*
,,,,,,,,,*#.......*
,,,,,,,,,*#.......**#####***
,,,,,,,,,###.....#*......,,*
,,,,,,,,,........##......,,*
,,,,,,,,,.......†.†......,,*
,,,,,,,,,.......h.#,>,,,,,,*
,,,,,**,*##.......##********
****,**,* ##.......# *
*,**,* ##...##.### ****,**,*
##..##...# ,,,,,,,,*
**#.......# ,,,,,,,,*
#.##...#### ,,,,,,,,*
#.......######### ,,,,,,,,*
#....#..........#


There were no monsters in sight!

Vanquished Creatures
  A bombardier beetle (D:3)
  4 gnolls (D:2)
  5 adders
  2 dart slugs (D:1)
  2 ribbon worms (D:2)
  5 bats
  2 endoplasms
  2 giant cockroaches
  6 goblins
  2 hobgoblins
  2 jackals (D:3)
  A quokka (D:1)
  4 ball pythons
  A frilled lizard (D:3)
  2 kobolds
  5 rats
46 creatures vanquished.

Vanquished Creatures (collateral kills)
  2 jackals (D:3)
2 creatures vanquished.

Grand Total: 48 creatures vanquished

Notes
Turn   | Place    | Note
-------+----------+-------------------------------------------
     0 | D:1      | hawla the Felid Shapeshifter began the quest for the Orb.
     0 | D:1      | Reached XP level 1. HP: 10/10 MP: 2/2
   138 | D:1      | Reached skill level 3 in Shapeshifting
   148 | D:1      | Reached XP level 2. HP: 11/14 MP: 3/3
   603 | D:1      | Found a faded altar of an unknown god.
   669 | D:2      | Reached XP level 3. HP: 16/18 MP: 4/4
   773 | D:2      | Slain by a gnoll
   773 | D:2      | Lost a life (0 lives remaining)
  1009 | D:2      | Reached skill level 4 in Shapeshifting
  1633 | D:2      | Reached XP level 4. HP: 8/22 MP: 5/5
  1633 | D:2      | Gained a life (1 life remaining)
  1710 | D:2      | Slain by a gnoll
  1710 | D:2      | Lost a life (0 lives remaining)
  1858 | D:2      | HP: 1/33 [gnoll/+0 spear (4)]
  2207 | D:3      | Reached skill level 5 in Shapeshifting
  2207 | D:3      | Reached XP level 5. HP: 5/25 MP: 6/6
  2207 | D:3      | Incinerated by a bombardier beetle

Illustrated notes

Levels and vault maps discovered:
D:1:      orjb1_lava_funnel, layout_loops_ring,
          dreamdust_ecumenical_altar_angels_and_demons
D:2:      layout_basic
D:3:      minmay_wonky_spiral, layout_rooms, kennysheep_vampire_church,
          serial_corexii_hall, corexii_hall_statues_i,
          chequers_hall_statues_wall_a, patterned_corridor, uniq_ijyb

Skill      XL: |  1  2  3  4 |
---------------+-------------+-----
Shapeshifting  | 3 4 5 |  5.1
Fighting       | |  1.0
Dodging        | |  2.6
Unarmed Combat | |  3.0

Action                     |  1- 3 |  4- 6 || total
---------------------------+-------+-------++-------
  Melee: Unarmed           |    90 |    40 ||   130
         Bite              |    12 |     3 ||    15
         Punch             |     2 |     1 ||     3
    Use: Scroll            |     3 |     3 ||     6
         Potion            |       |     3 ||     3
   Stab: Sleeping          |     1 |     1 ||     2
 Armour: Skin              |    27 |    25 ||    52
  Dodge: Dodged            |    70 |    27 ||    97
